 Dungeon Crawl Stone Soup version 0.22.1-2-g9c5b331 (webtiles) character file.

1671 whitewolfNL the Basher (level 8, -10/105 HPs)
             Began as a Minotaur Berserker on Dec 18, 2018.
             Was an Elder of Trog.
             Killed by divine providence
             ... invoked by an orc priest
              (12 damage)
             ... on level 8 of the Dungeon.
             The game lasted 00:20:15 (4224 turns).

whitewolfNL the Basher (Minotaur Berserker)         Turns: 4224, Time: 00:20:16

Health: -10/105    AC: 24    Str: 21    XL:     8   Next: 70%
Magic:  8/8        EV:  2    Int:  5    God:    Trog [****..]
Gold:   238        SH: 11    Dex: 16    Spells: 7/7 levels left

rFire    . . .     SeeInvis .   s - +0 morningstar
rCold    . . .     Gourm    .   l - +1 shield
rNeg     + + +     Faith    .   (armour currently unavailable)
rPois    +         Spirit   .   (helmet currently unavailable)
rElec    .         Reflect  .   (cloak currently unavailable)
rCorr    .         Harm     .   (gloves currently unavailable)
MR       .....     NoTele   +   (boots currently unavailable)
Stlth    ++........             (no amulet)
HPRegen  0.27/turn              m - ring of positive energy
MPRegen  0.11/turn              (no ring)

@: tree-form, berserk cooldown, starving, slowed, very slow
A: (retaliatory headbutt), thin skeletal structure 1, agile 1
a: Berserk, Trog's Hand, Brothers in Arms, Renounce Religion


You were on level 8 of the Dungeon.
You worshipped Trog.
Trog was greatly pleased with you.
You were starving.
You were a tree.
You visited 1 branch of the dungeon, and saw 7 of its levels.

You collected 238 gold pieces.

Inventory:

Hand Weapons
 h - a +0 shortbow
 p - a +1 falchion of freezing
 s - a +0 morningstar (weapon)
Missiles
 i - 2 curare-tipped needles
 k - 58 bolts
 n - 2 needles of sleeping
 o - 31 poisoned needles
 w - 40 sling bullets
 B - 47 arrows
Armour
 a - a +0 pair of boots (melded)
 g - a +0 chain mail (melded)
 l - a +1 shield (worn)
 D - a scarf of repulsion (melded)
Jewellery
 m - a ring of positive energy (left branch)
Wands
 b - a wand of polymorph (14)
 j - a wand of scattershot (5)
 z - a wand of iceblast (6)
Scrolls
 e - 3 scrolls of fog
 f - 2 scrolls of enchant weapon
 r - 2 scrolls of remove curse
 t - 3 scrolls of teleportation
 u - a scroll of magic mapping {unknown}
 y - a scroll of blinking {unknown}
Potions
 d - a potion of brilliance
 q - a potion of flight
Comestibles
 c - 12 rations
 A - 4 chunks of flesh


   Skills:
 * Level 6.3 Fighting
   Level 0.2 Short Blades
 * Level 8.6 Maces & Flails
 * Level 5.3 Armour
 * Level 4.4 Dodging
 * Level 5.4 Shields
 * Level 2.5 Evocations


You had 7 spell levels left.
You didn't know any spells.
Your spell library was empty.

Dungeon Overview and Level Annotations

Branches:
Dungeon (6/15)             Temple (0/1) D:5

Altars:
Ashenzari
Dithmenos
Hepliaklqana
Makhleb
Nemelex Xobeh
Ru
Sif Muna
Xom
The Shining One


Innate Abilities, Weirdness & Mutations

((You reflexively headbutt those who attack you in melee.))
((You have a pair of horns on your head.))
You have a somewhat thin skeletal structure. (Dex +2, Stealth)
You are agile. (Dex +2)


Message History

You block the worker ant's attack. You block the orc priest's attack.
The hungry ghost hits you.
You are starving!
You hit the orc priest.
The orc priest is severely wounded.
The worker ant bites you.
* * * LOW HITPOINT WARNING * * *
The orc priest hits you with a dagger.
* * * LOW HITPOINT WARNING * * *
The orc priest hits you but does no damage.
You block the worker ant's attack. The hungry ghost hits you.
You feel somewhat more hungry.
The orc priest hits you but does no damage. x2
You block the hungry ghost's attack.
The worker ant bites you but does no damage.
You hit the orc priest but do no damage.
The orc priest is severely wounded.
The orc priest calls down the wrath of Beogh upon you.
Beogh smites you!
You die...

...........#
...........#
..a.o......#
.....=....# #.....###
#..$[.##### .########
#..........
.......W####)._.......
.......o♣...).).......
.......ao.............
#######.###...........
#(.##########...
#####.# ### #....÷#
#.....# #..##.##
###..#...######


You could see a hungry ghost, a worker ant and 2 orc priests.

Vanquished Creatures
  An ice beast (D:5)
  An orc warrior (D:8)
  A phantom (D:5)
  4 ogres
  2 centaurs
  2 bullfrogs (D:8)
  A scorpion (D:2)
  3 howler monkeys (D:8)
  A jelly (D:8)
  A bullfrog skeleton (D:5)
  2 hounds
  A centaur skeleton (D:6)
  An iguana (D:6)
  Ijyb (D:3)
  A worker ant (D:8)
  3 hound zombies
  A hound skeleton (D:5)
  Robin (D:2)
  4 gnolls (D:3)
  12 adders
  2 shadow imps (D:5)
  An ooze (D:1)
  An adder zombie (D:5)
  4 adder skeletons
  2 worms (D:2)
  4 dart slugs
  2 leopard geckos
  11 orcs
  6 bats
  5 giant cockroaches
  12 goblins
  16 hobgoblins
  9 jackals
  5 kobolds
  2 quokkas
  3 frilled lizards
  A quokka zombie (D:5)
  6 rats
136 creatures vanquished.

Notes
Turn   | Place    | Note
-------+----------+-------------------------------------------
     0 | D:1      | whitewolfNL the Minotaur Berserker began the quest for the
                  | Orb.
     0 | D:1      | Reached XP level 1. HP: 19/19 MP: 0/0
   227 | D:1      | Reached XP level 2. HP: 26/27 MP: 1/1
   267 | D:1      | Reached skill level 4 in Maces & Flails
   525 | D:1      | Reached XP level 3. HP: 32/33 MP: 2/2
   835 | D:1      | Reached ** piety under Trog
  1018 | D:2      | Noticed a scorpion
  1028 | D:2      | Killed a scorpion
  1028 | D:2      | Reached XP level 4. HP: 35/41 MP: 3/3
  1071 | D:2      | Reached skill level 5 in Maces & Flails
  1299 | D:2      | Reached skill level 1 in Shields
  1311 | D:2      | Found a sparkling altar of Nemelex Xobeh.
  1351 | D:2      | Reached XP level 5. HP: 47/47 MP: 4/4
  1356 | D:2      | Noticed Robin
  1378 | D:2      | Killed Robin
  2058 | D:3      | Reached skill level 5 in Fighting
  2099 | D:3      | Reached *** piety under Trog
  2252 | D:3      | Noticed Ijyb
  2262 | D:3      | Killed Ijyb
  2262 | D:3      | Reached XP level 6. HP: 56/56 MP: 5/5
  2939 | D:4      | Reached skill level 1 in Evocations
  3176 | D:5      | Entered Level 5 of the Dungeon
  3203 | D:5      | Reached skill level 6 in Maces & Flails
  3205 | D:5      | Found a deep blue altar of Sif Muna.
  3205 | D:5      | Found a burning altar of Makhleb.
  3318 | D:5      | Found a shadowy altar of Dithmenos.
  3319 | D:5      | Found a sacrificial altar of Ru.
  3346 | D:5      | Found a glowing golden altar of the Shining One.
  3350 | D:5      | Found a shattered altar of Ashenzari.
  3408 | D:5      | Reached XP level 7. HP: 61/61 MP: 6/6
  3603 | D:5      | Found a staircase to the Ecumenical Temple.
  3680 | D:5      | Reached **** piety under Trog
  3799 | D:6      | Reached skill level 7 in Maces & Flails
  3931 | D:6      | Reached XP level 8. HP: 70/70 MP: 8/8
  3934 | D:6      | You fall through a shaft for 2 floors!
  3946 | D:8      | Found a shimmering altar of Xom.
  3956 | D:8      | Reached skill level 5 in Armour
  3961 | D:8      | Reached skill level 8 in Maces & Flails
  4124 | D:8      | Found a hazy altar of Hepliaklqana.
  4130 | D:8      | Reached skill level 5 in Shields
  4172 | D:8      | Found a deep blue altar of Sif Muna.
  4213 | D:8      | Gained mutation: You are agile. (Dex +2) [potion of
                  | mutation]
  4213 | D:8      | Gained mutation: You have a somewhat thin skeletal
                  | structure. (Dex +2, Stealth) [potion of mutation]
  4223 | D:8      | HP: 5/105 [worker ant (5)]
  4223 | D:8      | HP: 1/105 [orc priest/dagger (4)]
  4224 | D:8      | Killed from afar by an orc priest

Skill      XL: |  1  2  3  4  5  6  7  8 |
---------------+-------------------------+-----
Fighting       | 4 5 6 |  6.3
Maces & Flails | 4 5 6 7 8 |  8.6
Armour         | 3 4 5 |  5.3
Shields        | 1 3 4 5 |  5.4
Dodging        | 3 4 |  4.4
Evocations     | 1 2 |  2.5
Short Blades   | |  0.2

Action                   |  1- 3 |  4- 6 |  7- 9 || total
-------------------------+-------+-------+-------++-------
Melee: Mace              |    68 |    91 |       ||   159
       Headbutt          |     8 |    42 |    19 ||    69
       Short sword       |       |    57 |       ||    57
       Morningstar       |       |    97 |   119 ||   216
Invok: Berserk           |     1 |     6 |     4 ||    11
  Use: Potion            |       |     4 |     3 ||     7
       Scroll            |       |     6 |     3 ||     9
  Eat: Chunk             |     1 |    10 |     6 ||    17
       Ration            |       |     1 |       ||     1
Armor: Animal skin       |     8 |       |       ||     8
       Chain mail        |    27 |   134 |    55 ||   216
       Skin              |       |     7 |    14 ||    21
Dodge: Dodged            |    58 |    53 |    39 ||   150
       Deflected         |       |       |     2 ||     2
Block: Shield            |     4 |   141 |    84 ||   229
